 Dungeon Crawl Stone Soup version 0.30-a0-374-g95c0257040 (webtiles) character file.

Game seed: 17019408506560945713

238 qeuew the Trooper (level 6, 0/56 HPs)
             Began as a Hill Orc Fighter on Nov 26, 2022.
             Slain by an orc
             ... wielding a +0 hand axe
              (1 damage)
             ... on level 4 of the Dungeon on Nov 27, 2022.
             The game lasted 00:05:09 (2753 turns).

qeuew the Trooper (Hill Orc Fighter)                Turns: 2753, Time: 00:05:10

Health: 0/56       AC: 14    Str: 21    XL:     6   Next: 7%
Magic:  6/6        EV:  9    Int:  8    God:
Gold:   872        SH:  4    Dex: 10    Spells: 5/5 levels left

rFire   . . .      SeeInvis .    a - +0 war axe (protect)
rCold   . . .      Faith    .    c - +0 buckler
rNeg    . . .      Spirit   .    b - +0 scale mail
rPois   .          Reflect  .    (no helmet)
rElec   .          Harm     .    (no cloak)
rCorr   .          Rampage  .    (no gloves)
Will    .....                    (no boots)
Stlth   ..........               (no amulet)
HPRegen 0.29/turn                (no ring)
MPRegen 0.10/turn                (no ring)

@: under a protective aura
A: no striking features
a: no special abilities


You were on level 4 of the Dungeon.
You visited 1 branch of the dungeon, and saw 4 of its levels.

You collected 872 gold pieces.

Inventory:

Hand Weapons
 a - a +0 war axe of protection (weapon)
Armour
 b - a +0 scale mail (worn)
 c - a +0 buckler (worn)


   Skills:
 * Level 5.0 Fighting
 + Level 3.9 Axes
 * Level 4.9 Armour
 + Level 1.5 Dodging
 + Level 3.9 Shields


You had 5 spell levels left.
You didn't know any spells.
Your spell library contained the following spells:

 Spells                   Type           Power      Damage    Failure   Level
 Gell's Gravitas          Tloc           0%         N/A       99%         3
 Lesser Beckoning         Tloc           0%         N/A       99%         3
 Teleport Other           Tloc           0%         N/A       99%         3
 Dispersal                Tloc           0%         N/A       100%        6


Dungeon Overview and Level Annotations

Branches:
Dungeon (4/15)
 Temple: D:4-7

Altars:

Annotations:
D:4 Edmund


Message History

Your Fighting skill increases to level 5!
You have reached level 6!
You aren't carrying any potions.
You barely miss Edmund.
Edmund is moderately wounded.
You slash the orc!
You kill the orc!
You feel yourself slow down. Edmund hits you but does no damage.
An orc comes into view. It is wielding a +0 flail.
The orc shouts!
You slash Edmund!
Edmund is heavily wounded.
Edmund misses you.
Unknown command.
You aren't carrying any scrolls.
You slash Edmund!
Edmund is severely wounded.
You barely miss the orc. x2
An orc wizard comes into view. It is wielding a +0 dagger.
The orc hits you but does no damage.
Edmund hits you with a +0 flail of protection!
* * * LOW HITPOINT WARNING * * *
The orc hits you but does no damage.
An adder comes into view.
Edmund hits you but does no damage. The orc hits you but does no damage. x2
You closely miss the orc. You barely miss the orc.
The orc wizard shouts!
You hit Edmund but do no damage. The orc hits you but does no damage.
Edmund hits you with a +0 flail of protection!
* * * LOW HITPOINT WARNING * * *
You block the orc's attack.
Unknown command.
You barely miss Edmund.
Edmund is severely wounded.
You slash the orc!
You kill the orc!
You barely miss the orc. Edmund hits you but does no damage.
The orc hits you but does no damage. The orc hits you with a +0 hand axe.
You die...

#.. #.. .
.. .. #o
.. #.##
###. #.S#
>....##o#
......#o#
#..)@#
#.#.@.#
#......#
##.......
#......##
.......#
........#
.>###.....


You could see Edmund, an orc wizard, an adder and 2 orcs.

Vanquished Creatures
  A jelly (D:4)
  2 hounds (D:3)
  An iguana (D:3)
  Natasha (D:4)
  An adder (D:2)
  A worm (D:2)
  A dart slug (D:1)
  3 orcs
  7 ball pythons
  6 bats
  7 endoplasms
  3 giant cockroaches
  9 goblins
  5 hobgoblins
  2 jackals (D:2)
  7 kobolds
  7 quokkas
  5 frilled lizards
  8 rats
77 creatures vanquished.

Vanquished Creatures (others)
  3 fungi (D:4)
3 creatures vanquished.

Grand Total: 80 creatures vanquished

Notes
Turn   | Place    | Note
-------+----------+-------------------------------------------
     0 | D:1      | qeuew the Hill Orc Fighter began the quest for the Orb.
     0 | D:1      | Reached XP level 1. HP: 19/19 MP: 1/1
   169 | D:1      | Reached XP level 2. HP: 27/27 MP: 2/2
   395 | D:1      | Reached skill level 4 in Fighting
   625 | D:1      | Reached XP level 3. HP: 30/33 MP: 3/3
  1275 | D:2      | Reached XP level 4. HP: 40/40 MP: 4/4
  1664 | D:2      | Identified a scroll of acquirement
  1664 | D:2      | Acquired 644 gold pieces
  1810 | D:3      | Reached skill level 1 in Dodging
  1818 | D:3      | Reached XP level 5. HP: 5/47 MP: 5/5
  2734 | D:4      | Noticed Natasha
  2735 | D:4      | Noticed Edmund
  2742 | D:4      | Killed Natasha
  2749 | D:4      | Reached skill level 5 in Fighting
  2749 | D:4      | Reached XP level 6. HP: 16/56 MP: 6/6
  2752 | D:4      | HP: 1/56 [Edmund/+0 flail of protection (9)]
  2753 | D:4      | Slain by an orc

Illustrated notes

Levels and vault maps discovered:
D:1:      kennysheep_arrival_forest, layout_loops_corners
D:2:      layout_rooms
D:3:      layout_basic, chequers_serial_rivers_micro_a,
          wander_ebering_terrifying_dragon_lair
D:4:      layout_rooms, gup_ossuary_entry_pyramid, serial_aquarium,
          aquarium_bridge_long_separate [aquarium_subvault_balcony,
          aquarium_subvault_bridge, aquarium_subvault_bridge,
          aquarium_subvault_wall, aquarium_subvault_bridge,
          aquarium_subvault_bridge], aquarium_window_3, aquarium_window_1,
          aquarium_window_1, aquarium_window_fake, aquarium_view_2e,
          aquarium_view_2c, aquarium_pool_side, minmay_misc_feat_more_columns,
          minivault_14, minmay_puff, uniq_natasha, uniq_grinder, uniq_edmund

Skill      XL: |  1  2  3  4  5 |
---------------+----------------+-----
Fighting       | 4 5 |  5.0
Axes           | 3 |  3.9
Armour         | 4 |  4.9
Dodging        | 1 |  1.5
Shields        | |  3.9

Action                   |  1- 3 |  4- 6 || total
-------------------------+-------+-------++-------
Melee: War axe           |   129 |    88 ||   217
  Use: Scroll            |     1 |     4 ||     5
       Potion            |       |     4 ||     4
Armor: Scale mail        |    85 |    69 ||   154
Dodge: Dodged            |    62 |    49 ||   111
Block: Buckler           |    32 |    19 ||    51

Table legend: (Time is in decaauts)
 A = Elapsed time spent in this place.
 B = Non-inter-level travel time spent in this place.
 C = Inter-level travel time spent in this place.
 D = Time resting spent in this place.
 E = Time spent auto-exploring this place.
 F = Levels seen in this place.
 G = Mean time per level.
                   A        B        C        D        E       F      G
               +--------+--------+--------+--------+--------+-----+--------+
         Total |   2826 |   2738 |     88 |     38 |   2187 |   4 |  706.5 |
       Dungeon |   2826 |   2738 |     88 |     38 |   2187 |   4 |  706.5 |
               +--------+--------+--------+--------+--------+-----+--------+

Top non-repeatable levels by time:
     D:1: 1058 daAuts
     D:3: 1004 daAuts
     D:2: 740 daAuts
     D:4: 22 daAuts
